 Dungeon Crawl Stone Soup version 0.29.1-12-g30fa7ad0bf (webtiles) character file.

Game seed: 1392521873224912903

2030 javelincjr the Magician (level 9, -3/58 HPs)
             Began as a Djinni Conjurer on Dec 24, 2022.
             Was a Follower of Qazlal.
             Killed by divine providence
             ... invoked by an orc priest
              (8 damage)
             ... on level 7 of the Dungeon on Dec 29, 2022.
             The game lasted 00:41:37 (8095 turns).

javelincjr the Magician (Djinni Conjurer)           Turns: 8095, Time: 00:41:37

Health: -3/58      AC:  5    Str:  8    XL:     9   Next: 47%
Gold:   314        EV: 13    Int: 27    God:    Qazlal [*.....] SH:  1 Dex: 11

rFire   + + .      SeeInvis .   M - +2 rapier "Egyvviuck" {freeze, rElec Int+4}
rCold   x . .      Faith    +   (no shield)
rNeg    . . .      Spirit   .   a - +0 robe
rPois   ∞          Reflect  .   x - +1 helmet
rElec   +          Harm     .   c - scarf {shadows}
rCorr   .          Rampage  .   h - +0 pair of gloves
Will    .....                   (boots unavailable)
Stlth   ++........              F - amulet of faith
HPRegen 0.19/turn               (no ring)
MPRegen 0.00/turn               (no ring)

@: flying
A: sickness immunity, fire resistance 2, cold vulnerability 1, float, innate
caster, HP casting, extra vitality 1
a: Renounce Religion


You were on level 7 of the Dungeon.
You worshipped Qazlal.
Qazlal was aware of your devotion.
You visited 2 branches of the dungeon, and saw 8 of its levels.
You also visited: Ossuary.

You collected 314 gold pieces.

Inventory:

Hand Weapons
 i - a +0 dagger
 q - a +0 spear
 t - a +1 trident
 E - a +0 spear of venom
 G - a +3 whip
 H - a +3 whip of electrocution
 M - the +2 rapier "Egyvviuck" (weapon) {freeze, rElec Int+4}
   (You found it on level 7 of the Dungeon)

   It freezes those it strikes, dealing additional cold damage.
   It can also slow down cold-blooded creatures.
   Int:       It affects your intelligence (+4).
   rElec:     It insulates you from electricity.
Missiles
 n - a throwing net
 p - 11 boomerangs
 r - 3 boomerangs of dispersal
 s - 2 poisoned darts
 w - 11 javelins
Armour
 a - a +0 robe (worn)
 c - a scarf of shadows (worn)
 h - a +0 pair of gloves (worn)
 x - a +1 helmet (worn)
 A - a +0 helmet
Magical Staves
 u - a staff of conjuration
Jewellery
 g - an amulet of reflection
 l - an amulet of the acrobat
 F - an amulet of faith (around neck)
Wands
 L - a wand of iceblast (14)
Scrolls
 f - 3 scrolls of identify
 k - 2 scrolls of fear
 v - a scroll of vulnerability {unknown}
 y - a scroll of enchant weapon
 z - a scroll of torment {unknown}
 C - 2 scrolls of silence {unknown}
 D - 2 scrolls of teleportation {unknown}
Potions
 b - 3 potions of cancellation
 d - 2 potions of brilliance
 e - 4 potions of curing
 j - 4 potions of lignification {unknown}
 m - a potion of heal wounds
 o - 2 potions of degeneration {unknown}
 B - 3 potions of mutation {unknown}
 I - a potion of haste {unknown}
 J - 2 potions of resistance
 K - a potion of might {unknown}


   Skills:
 + Level 2.0 Fighting
 + Level 3.1 Polearms
 + Level 4.1 Dodging
 + Level 4.1 Stealth
 + Level 1.4 Shields
 + Level 1.2 Unarmed Combat
 + Level 7.8 Spellcasting


You couldn't memorise any spells.
You knew the following spells:

 Your Spells              Type           Power      Damage    Failure   Level
a - Magic Dart            Conj           100%       1d8       1%          1
b - Searing Ray           Conj           100%       2d8       1%          2
c - Dazzling Flash        Conj/Hex       100%       N/A       1%          3
d - Fulminant Prism       Conj/Hex       25%        3d14      2%          4
e - Iskenderun's Mystic   Conj/Tloc      51%        2d11      2%          4
f - Beastly Appendage     Tmut           100%       N/A       1%          1
g - Poisonous Vapours     Pois/Air       100%       N/A       1%          2
h - Tukima's Dance        Hex            51%        N/A       1%          3
i - Dispel Undead         Necr           51%        3d19      2%          4
Your spell library was empty.

Dungeon Overview and Level Annotations

Branches:
Dungeon (7/15)             Temple (1/1) D:4         Ossuary (visited)

Altars:
Cheibriados
Dithmenos
Elyvilon
Fedhas
Gozag
Hepliaklqana
Makhleb
Nemelex Xobeh
Okawaru
Qazlal
Ru
Trog
Uskayaw
Wu Jian
Yredelemnul
The Shining One

Shops:
D:6 [


Innate Abilities, Weirdness & Mutations

You are immune to sickness and miasma.
You are immune to poison.
Your flesh is very heat resistant. (rF++)
You are vulnerable to cold. (rC-)
You float through the air rather than walking.
You learn spells naturally, not from books.
Your magical power is your life essence.
You have superior vitality. (+4 MHP)


Message History

Confirm with . or Enter, or press ? or * to list all spells.
You feel a surge of power!
You erupt in a blast of force!
The mystic blast hits the orc warrior!
The orc warrior is severely wounded.
The orc warrior is knocked back by the mystic blast.
Unknown command.
Found a stone staircase leading down.
The orc priest calls down the wrath of Beogh upon you.
Beogh smites you!
There is a stone staircase leading up here.
Casting: Iskenderun's Mystic Blast (dangerous; 3% risk of failure)
Confirm with . or Enter, or press ? or * to list all spells.
You feel a surge of power!
You erupt in a blast of force!
The mystic blast hits the orc warrior!!
You kill the orc warrior!
Qazlal accepts your kill.
The orc priest calls down the wrath of Beogh upon you.
You resist with significant effort.
Your Fighting skill increases to level 2!
Things that are here:
a +0 hand axe; a +0 plate armour; an orc corpse The orc priest mumbles some strange prayers to Beogh against you.
Beogh smites you!
The orc priest calls down the wrath of Beogh upon you.
Beogh smites you!
* * * LOW HITPOINT WARNING * * *
You see here 2 potions of curing.
You feel clever.
The +2 rapier "Egyvviuck" {freeze, rElec Int+4} glows with a cold blue light!
M - the +2 rapier "Egyvviuck" (weapon)
{freeze, rElec Int+4}
Aiming: Magic Dart (safe; 1% risk of failure)
Press: ? - help, Q - select action, (/) - cycle Shift-Dir - straight line, f - orc priest
Aim: an orc priest, wielding a +0 flail (100% to hit)
The magic dart hits the orc priest!
The orc priest is heavily wounded.
* * * LOW HITPOINT WARNING * * *
The orc priest begins to cast a cantrip, but forgets the words!
The orc priest mumbles some strange prayers to Beogh against you.
Beogh smites you!
You die...

...##### .#......
#..........# .......# .
#..........# .......#
..##......)...# .......#
#..#..........# .......#
#............# .......##
#.#........# ........##
#..#!.....#### .........##
##..@##)...>.# ..........#
#.).o.<......#
..........###.....#......#
..................#...####
..........#####.###.#.#
..........# ###)#.....#
#........## #...)...#.#
..........##..#.#####
................#


You could see an orc priest.

Vanquished Creatures
  Sigmund (D:6)
  A wraith (D:7)
  The ghost of xSliceyx the Magician, an amateur DjHW (D:5)
  An orc warrior (D:7)
  A black bear (D:5)
  2 ogres
  2 elf zombies (Ossuary)
  A phantom (D:5)
  A bullfrog (D:6)
  Blork the orc (D:5)
  2 centaur zombies (Ossuary)
  3 human zombies (Ossuary)
  4 orc priests
  A hound (D:3)
  3 jellies
  6 iguanas
  4 orc wizards
  2 mummies (Ossuary)
  7 gnolls (D:6)
  6 adders
  A shadow imp (D:6)
  An adder zombie (Ossuary)
  A worm (D:5)
  2 dart slugs
  16 orcs
  4 ball pythons
  3 bats
  8 endoplasms
  4 goblins
  2 hobgoblins
  2 jackals (D:2)
  2 kobolds
  2 quokkas (D:1)
  4 frilled lizards
  A goblin zombie (Ossuary)
  6 hobgoblin zombies (Ossuary)
  A jackal zombie (Ossuary)
  9 kobold zombies (Ossuary)
  11 orc zombies (Ossuary)
  10 rats
  A rat zombie (Ossuary)
141 creatures vanquished.

Vanquished Creatures (others)
  A dancing weapon (D:5)
  17 fulminant prisms
  5 plants (D:2)
23 creatures vanquished.

Grand Total: 164 creatures vanquished

Notes
Turn   | Place    | Note
-------+----------+-------------------------------------------
     0 | D:1      | javelincjr the Djinni Conjurer began the quest for the Orb.
     0 | D:1      | javelincjr set off with the following spells memorised:
                  | Magic Dart, Searing Ray, Dazzling Flash, Fulminant Prism,
                  | Iskenderun's Mystic Blast.
     0 | D:1      | Reached XP level 1. HP: 15/15 MP: 0/0
   304 | D:1      | Reached XP level 2. HP: 7/21 MP: 0/0
   857 | D:1      | Found a faded altar of an unknown god.
  1218 | D:2      | Reached XP level 3. HP: 15/25 MP: 0/0
  1218 | D:2      | Learned a level 1 spell: Beastly Appendage
  1891 | D:2      | Reached skill level 4 in Spellcasting
  2110 | D:2      | Reached XP level 4. HP: 27/31 MP: 0/0
  2371 | D:3      | Reached skill level 1 in Unarmed Combat
  2738 | D:3      | Reached XP level 5. HP: 35/35 MP: 0/0
  2738 | D:3      | Learned a level 2 spell: Poisonous Vapours
  3289 | D:4      | Found a staircase to the Ecumenical Temple.
  3295 | Temple   | Entered the Ecumenical Temple
  3796 | D:4      | Noticed an ogre
  3815 | D:4      | Killed an ogre
  3816 | D:4      | Reached skill level 5 in Spellcasting
  3816 | D:4      | Reached XP level 6. HP: 34/40 MP: 0/0
  3901 | D:4      | Reached skill level 1 in Polearms
  4460 | D:5      | Entered Level 5 of the Dungeon
  4460 | D:5      | Noticed a black bear
  4460 | D:5      | Found an ornate altar of the Wu Jian Council.
  4460 | D:5      | Found a basalt altar of Yredelemnul.
  4460 | D:5      | Found a shadowy altar of Dithmenos.
  4460 | D:5      | Found a stormy altar of Qazlal.
  4460 | D:5      | Found a bloodstained altar of Trog.
  4460 | D:5      | Found a snail-covered altar of Cheibriados.
  4789 | D:5      | Found a sparkling altar of Nemelex Xobeh.
  4793 | D:5      | Became a worshipper of Qazlal Stormbringer
  4809 | D:5      | Killed a black bear
  4810 | D:5      | Reached XP level 7. HP: 28/46 MP: 0/0
  4810 | D:5      | Learned a level 3 spell: Tukima's Dance
  5513 | D:5      | Noticed Blork the orc
  5523 | D:5      | Killed Blork the orc
  5686 | D:5      | Reached skill level 1 in Fighting
  5686 | D:5      | Reached XP level 8. HP: 48/52 MP: 0/0
  5700 | D:5      | Reached skill level 1 in Shields
  5729 | D:5      | Found a runed translucent gate.
  5729 | D:5      | Found a runed translucent gate.
  5729 | D:5      | Found a runed translucent gate.
  5730 | D:5      | Noticed xSliceyx's ghost (amateur DjHW)
  5741 | D:5      | Killed xSliceyx's ghost
  6084 | D:6      | Reached skill level 6 in Spellcasting
  6085 | D:6      | Noticed Sigmund
  6092 | D:6      | Killed Sigmund
  6457 | D:6      | Found Aruesuod's Armour Shop.
  6505 | D:6      | Found a sand-covered staircase.
  6510 | Ossuary  | Entered an ossuary
  6827 | Ossuary  | Reached * piety under Qazlal
  6836 | Ossuary  | Reached XP level 9. HP: 7/58 MP: 0/0
  6836 | Ossuary  | Learned a level 4 spell: Dispel Undead
  6855 | Ossuary  | Reached skill level 7 in Spellcasting
  7361 | D:6      | Found an iron altar of Okawaru.
  7954 | D:7      | Identified the +2 rapier "Egyvviuck" {freeze, rElec Int+4}
  8095 | D:7      | Killed from afar by an orc priest

Illustrated notes

Levels and vault maps discovered:
D:1:      onia_arrival_handbag, layout_rooms, basic_ecumenical_altar,
          interstate_on_off, nicolae_titane
D:2:      layout_basic, guppyfry_early_lair_pool
D:3:      layout_loops_ring
D:4:      layout_gridville, temple_green
D:5:      layout_basic, grunt_temple_overflow_open, ebering_ghost_rock_garden,
          grunt_decor_clamped, minmay_misc_feat_tiny, uniq_blork_the_orc
D:6:      layout_basic, lemuel_doored_altar, serial_shops, shop,
          enter_ossuary_2, uniq_sigmund
D:7:      layout_rooms, lemuel_tele_altar, uniq_menkaure
Temple:   minmay_temple_curvy_loop

Skill      XL: |  1  2  3  4  5  6  7  8  9 |
---------------+----------------------------+-----
Spellcasting   | 4 5 6 7 |  7.8
Unarmed Combat | 1 |  1.2
Stealth        | 2 3 4 |  4.1
Polearms       | 1 2 3 |  3.1
Dodging        | 3 4 |  4.1
Fighting       | 1 2 |  2.0
Shields        | 1 |  1.4

Action                   |  1- 3 |  4- 6 |  7- 9 || total
-------------------------+-------+-------+-------++-------
Melee: Unarmed           |     1 |       |       ||     1
       Spear             |     2 |       |       ||     2
       Trident           |       |    29 |     4 ||    33
       Staff             |       |       |     6 ||     6
 Cast: Magic Dart        |    39 |    12 |    28 ||    79
       Searing Ray       |     8 |    12 |    15 ||    35
       Poisonous Vapours |       |     6 |     4 ||    10
       Iskenderun's Myst |       |     3 |    36 ||    39
       Tukima's Dance    |       |       |     5 ||     5
       Fulminant Prism   |       |       |    17 ||    17
       Dazzling Flash    |       |       |     1 ||     1
       Beastly Appendage |       |       |     1 ||     1
  Use: Scroll            |       |    10 |       ||    10
       Potion            |       |     4 |     3 ||     7
 Stab: Sleeping          |     1 |     4 |       ||     5
Armor: Robe              |     2 |     3 |     8 ||    13
Dodge: Dodged            |     5 |    26 |     9 ||    40
Block: Other             |     1 |     5 |     4 ||    10
       Reflection        |       |     1 |       ||     1
